 Dungeon Crawl Stone Soup version 0.18-a0-900-gbbf5c82 (webtiles) character file.

88 filipzpl the Poker (level 4, -3/41 HPs)
             Began as a Minotaur Berserker on Dec 24, 2015.
             Was a Believer of Trog.
             Slain by a white imp (5 damage)
             ... summoned by Natasha
             ... on level 3 of the Dungeon.
             The game lasted 00:04:38 (1937 turns).

filipzpl the Poker (Minotaur Berserker)             Turns: 1937, Time: 00:04:38

Health: -3/41      AC:  6    Str: 23    XL:     4   Next: 30%
Magic:  3/3        EV: 11    Int:  4    God:    Trog [**....]
Gold:   104        SH:  0    Dex:  9    Spells: 0 memorised, 3 levels left

rFire  . . .     SeeInvis .     a - +0 spear
rCold  . . .     Gourm    .     q - +0 ring mail
rNeg   . . .     Faith    .     (no shield)
rPois  .         Spirit   .     (helmet restricted)
rElec  .         Dismiss  .     (no cloak)
rCorr  .         Reflect  .     (no gloves)
SustAt .         Harm     .     d - +0 pair of boots
MR     .....                    (no amulet)
Stlth  ..........               (no ring)
                                (no ring)

@: confused, starving, not resistant to hostile enchantments, extremely
unstealthy
A: retaliatory headbutt, horns 2
a: Berserk, Trog's Hand, Burn Spellbooks, Renounce Religion


You were on level 3 of the Dungeon.
You worshipped Trog.
Trog was pleased with you.
You were starving.

You visited 1 branch of the dungeon, and saw 3 of its levels.

You collected 104 gold pieces.

Inventory:

Hand Weapons
 a - a +0 spear (weapon)
Armour
 d - a +0 pair of boots (worn)
 q - a +0 ring mail (worn)
Jewellery
 b - an uncursed ring of fire {unknown}
 e - an uncursed ring of fire {unknown}
 k - an uncursed ring of fire {unknown}
Scrolls
 f - a scroll of enchant weapon {unknown}
 g - a scroll of random uselessness {unknown}
 h - a scroll of remove curse {unknown}
 i - 3 scrolls of blinking {unknown}
 l - a scroll of enchant armour {unknown}
 p - 3 scrolls of identify {unknown}
 s - 2 scrolls of amnesia {unknown}
 w - a scroll of immolation {unknown}
 y - a scroll of magic mapping {unknown}
Potions
 j - a potion of might {unknown}
 n - 2 potions of agility {unknown}
 o - 2 potions of magic {unknown}
 t - 2 potions of brilliance {unknown}
 u - a potion of heal wounds {unknown}
 x - a potion of mutation {unknown}
Comestibles
 c - a bread ration
 m - a beef jerky
 r - a meat ration
 v - a slice of pizza


   Skills:
 * Level 4.8 Fighting
 * Level 5.3 Polearms
 - Level 2.4 Armour
 - Level 2.2 Dodging


You had 3 spell levels left.
You didn't know any spells.

Dungeon Overview and Level Annotations

Branches:
Dungeon (3/15)

Altars:

Annotations:
D:3 Natasha


Innate Abilities, Weirdness & Mutations

You reflexively headbutt those who attack you in melee.
You have a pair of horns on your head.


Message History

The puff of frost hits you!
* * * LOW HITPOINT WARNING * * *
The crimson imp barely misses you. The white imp gestures at you.
The puff of frost misses you.
Natasha zaps a wand.
You are more confused.
The crimson imp hits you but does no damage.
The white imp hits you.
* * * LOW HITPOINT WARNING * * *
The white imp freezes you.
* * * LOW HITPOINT WARNING * * *
The white imp closely misses you.
You closely miss the white imp. The white imp misses you.
Natasha closely misses you.
You bump into the rock wall.
The crimson imp hits you but does no damage.
The white imp hits you.
* * * LOW HITPOINT WARNING * * *
The white imp freezes you.
You die...

#.........#######
#.#######.#.....# #.#
#...(†....####### #.#
#.#.#†........... #.#
#..#.#.....#...# #
###.###...#.#.....#...# .#
................$.....###.#
###.#..<...(>...55........#
..#.............@5.)......#
.....†......####.h........#
..#####..... ####...##..#
.## ..... #/.....# ..# .#
..# #.##...# .# .# # #
##.## . ## #.# ## #.# #.#


You could see Natasha, a crimson imp and 2 white imps.

Vanquished Creatures
  A centaur zombie (D:3)
  2 adders
  A worm (D:2)
  A giant gecko (D:2)
  7 bats
  6 hobgoblins
  A ball python (D:3)
  3 giant cockroaches
  A giant newt (D:3)
  6 goblins
  5 kobolds
  3 quokkas
  5 rats
42 creatures vanquished.

Notes
Turn   | Place    | Note
--------------------------------------------------------------
     0 | D:1      | filipzpl the Minotaur Berserker began the quest for the Orb.
     0 | D:1      | Reached XP level 1. HP: 19/19 MP: 0/0
   352 | D:1      | Reached skill level 4 in Polearms
   358 | D:1      | Reached XP level 2. HP: 27/27 MP: 1/1
   679 | D:1      | Reached ** piety under Trog
  1154 | D:2      | Reached XP level 3. HP: 24/33 MP: 2/2
  1730 | D:3      | Reached skill level 5 in Polearms
  1730 | D:3      | Reached XP level 4. HP: 41/41 MP: 3/3
  1886 | D:3      | Noticed Natasha
  1937 | D:3      | HP: 2/41 [white imp[Natasha] (2)]
  1937 | D:3      | Slain by a white imp

Vault maps used:
D:1:      dpeg_arrival_simpleton_a, minmay_crystal_room,
          minmay_misc_feat_diagonals
D:3:      first_bread, uniq_natasha, uniq_crazy_yiuf_cottage, uniq_sigmund,
          uniq_grinder

Action                   |  1- 3 |  4- 6 || total
-------------------------+-------+-------++-------
Melee: Spear             |    83 |    31 ||   114
Invok: Berserk           |     1 |       ||     1
 Stab: Sleeping          |     1 |       ||     1
  Eat: Chunk             |     2 |       ||     2
